cohdb
Replays
Latest Replays
All Replays
Popular Replays
Top Player Replays
Match Explorer
How It Works
Community
CoH3 Stats
Reddit
Sign in to upload your games and track your stats! →
Sign in with Steam
Match 41712781
Unlisted
Match 41712781
Overview
Messages
Build Orders
End
Selects Terror Battlegroup
Construct Infanterie Kompanie
Pioneer Squad
MG 42 Machine Gun Team
Selects Machine Gun Camouflage
MG 42 Machine Gun Team
MG 42 Machine Gun Team
Construct Luftwaffe Kompanie
Jäger Squad
Jäger Squad
Medical Bunker
Support Elements
カルト_くん
U NOOB EZ
Açucar Macabro
Johoni
0
0
Comments
sign in to comment!
No comments posted yet!